Comets vs Eagles

Created - May 17, 2022 at 21:05

Goals
1 2 3 T
Comets 3 0 2 5
Eagles 0 2 0 2
Shots
1 2 3 T
Comets 12 14 11 37
Eagles 4 16 7 27

1st period

1. Comets , Joshua Leivo 16 (Teemu Pulkkinen 23, Patrick Wey 10) at 3:17
2. Comets , Phil Di Giuseppe 14 (Joshua Leivo 29, Andrej Nestrasil 34) at 4:10
3. Comets , Jordan Gross 1 (Juho Lammikko 12, Nicolas Petan 18) at 7:19

Penalties :
No Penalty

2nd period

4. Eagles , Tyler Motte 4 (Xavier Ouellet 6, Anthony Duclair 14) at 5:01
5. Eagles , Tyler Motte 5 (Jarred Tinordi 16, Stefan Elliott 41) at 6:11

Penalties :
Phil Di Giuseppe (Uti) for Hooking (Minor) at 2:44

3rd period

6. Comets , Taylor Beck 29 (Nathan Gerbe 11, Juuso Riikola 18) at 5:02 (PP)
7. Comets , Taylor Beck 30 (Dennis Everberg 43) at 5:26 (SH)

Penalties :
Anthony Duclair (Col) for Holding (Minor) at 1:03, Stefan Elliott (Col) for Holding (Minor) at 4:50, Juuso Riikola (Uti) for Holding (Minor) at 5:09, Nathan Gerbe (Uti) for Roughing (Minor) at 14:47, Sami Niku (Uti) for Hooking (Minor) at 19:16

Goalie Stats

Alexandar Georgiev (Uti), 25 saves from 27 shots - (0.926), W, 25-12-8, 60:00 minutes
Marek Mazanek (Col), 32 saves from 37 shots - (0.865), L, 31-13-5, 60:00 minutes

Players Stats for Comets

Player Name              G  A  P  +/- PIM S  H  SB GA TA FO     MP     PP MP  PK MP  
------------------------------------------------------------------------------------
Andrej Nestrasil         0  1  1   1  0   2  2  1  0  0  4/13   17:03   0:54   0:37 
Anton Karlsson           0  0  0   0  0   0  0  0  0  0  0/0     2:03   0:00   1:07 
Anton Zlobin             0  0  0   0  0   0  0  0  0  0  0/0     7:08   0:00   0:00 
Axel Holmstrom           0  0  0   0  0   1  0  0  0  0  2/2     7:08   0:00   0:00 
Dennis Everberg          0  1  1   1  0   1  1  1  1  0  4/8    22:31   1:17   4:12 
Jordan Gross             1  0  1   1  0   1  0  0  0  1  0/0    14:30   0:00   0:38 
Joshua Leivo             1  1  2   1  0   3  4  0  0  1  0/0    14:58   0:54   0:00 
Juho Lammikko            0  1  1   1  0   3  3  0  0  0  0/0    12:10   0:00   0:00 
Juuso Riikola            0  1  1   0  2   5  2  1  0  1  0/0    25:20   1:33   2:37 
Kurtis Macdermid         0  0  0   0  0   0  0  0  0  0  0/0     4:12   0:00   0:20 
Mackenzie MacEachern     0  0  0   1  0   0  2  1  0  0  0/0    15:29   0:00   0:00 
Nathan Gerbe             0  1  1  -1  2   2  0  2  0  1  9/21   19:43   1:17   1:07 
Nicolas Petan            0  1  1   1  0   0  0  1  0  0  2/4    12:10   0:00   0:00 
Oliver Kylington         0  0  0   1  0   2  0  2  0  1  0/0    20:53   0:38   3:42 
Oskar Steen              0  0  0   0  0   0  0  0  0  0  0/0     0:00   0:00   0:00 
Patrick Wey              0  1  1   1  0   1  3  1  1  1  0/0    27:01   1:33   3:41 
Phil Di Giuseppe         1  0  1   0  2   3  2  0  0  0  0/0    12:27   0:00   0:00 
Rasmus Asplund           0  0  0   0  0   0  0  0  0  0  0/0     0:00   0:00   0:00 
Sami Niku                0  0  0   0  2   2  2  1  0  0  0/0    19:00   0:38   2:42 
Taylor Beck              2  0  2   1  0   5  3  2  0  0  0/0    22:31   1:17   4:14 
Taylor Leier             0  0  0   0  0   0  0  0  0  0  0/0     0:00   0:00   0:00 
Teemu Pulkkinen          0  1  1   0  0   6  1  0  0  1  2/2    16:59   0:54   1:43 
Thomas DiPauli           0  0  0   0  0   0  0  0  0  0  0/0     0:00   0:00   0:00 
Tyler Graovac            0  0  0   0  0   0  0  0  0  0  0/0     0:00   0:00   0:00 
William Lockwood         0  0  0   0  0   0  0  0  0  0  0/0     0:00   0:00   0:00 

Players Stats for Eagles

Player Name              G  A  P  +/- PIM S  H  SB GA TA FO     MP     PP MP  PK MP  
------------------------------------------------------------------------------------
Anthony Duclair          0  1  1   2  2   1  0  0  0  1  0/0    13:01   0:00   0:00 
Chris Calhan             0  0  0   0  0   2  5  0  0  0  0/0    18:41   2:44   0:08 
Connor Carrick           0  0  0   0  0   0  0  2  0  0  0/0    17:23   2:27   0:47 
Daniel Carr              0  0  0  -4  0   3  2  1  2  0  2/4    24:06   3:56   1:10 
Jarred Tinordi           0  1  1   0  0   3  1  2  0  0  0/0    24:21   4:13   1:24 
John Ramage              0  0  0   0  0   2  0  0  0  0  0/0    17:23   2:27   0:47 
Jonathan Marchessault    0  0  0  -4  0   4  0  0  0  0  13/28  21:35   3:56   1:10 
Jonathan Racine          0  0  0   0  0   0  1  0  0  0  0/0    11:21   0:00   0:00 
Joseph Blandisi          0  0  0   0  0   2  2  1  1  0  2/2    19:00   2:44   0:50 
Keaton Middleton         0  0  0  -2  0   0  0  0  0  0  0/0     6:55   0:00   0:00 
Mark Friedman            0  0  0  -2  0   0  0  1  0  0  0/0     6:55   0:00   0:00 
Matteson Iacopelli       0  0  0  -4  0   1  1  1  0  0  2/2    20:28   3:56   0:00 
Max Lajoie               0  0  0   0  0   0  0  0  0  0  0/0     0:00   0:00   0:00 
Michael Dal Colle        0  0  0   0  0   0  0  0  0  0  0/0     7:17   0:00   0:36 
Pius Suter               0  0  0   2  0   0  1  0  1  0  1/2    16:39   0:00   0:00 
Sam Steel                0  0  0   0  0   1  0  0  0  0  0/0     5:01   0:00   0:00 
Stefan Elliott           0  1  1   0  2   3  1  1  1  1  0/0    23:47   4:13   1:06 
Tyler Motte              2  0  2   2  0   3  2  0  0  0  2/3    13:30   0:00   0:28 
Xavier Ouellet           0  1  1   0  0   1  0  0  0  0  0/0    11:54   0:00   0:18 
Zach Aston-Reese         0  0  0   0  0   1  0  0  2  0  5/9    18:30   2:44   0:00 

3 Stars

1 - Taylor Beck (Uti)
2 - Joshua Leivo (Uti)
3 - Tyler Motte (Col)

Power Play

Comets - 1 on 2 Attempt(s) - 50.00%
Eagles - 0 on 4 Attempt(s) - 0.00%

Penalty Kill

Comets - 4 on 4 Attempt(s) - 100.00% - Score 1 goal in Penalty Kill
Eagles - 1 on 2 Attempt(s) - 50.00% - Score 0 goal in Penalty Kill

Team Stat

Comets - Hits : 25 - Faceoff Wins : 23 - Blocked Shots : 13 - Penalty Minutes : 8
Eagles - Hits : 16 - Faceoff Wins : 27 - Blocked Shots : 9 - Penalty Minutes : 4

Official

Referees : Brandon Blandina and Francois St. Laurent
Linesman : Travis Toomey and Kory Nagy

Game Notes

No Game Note

Finance

Level 1 -- Attendance: 2000 (100.00%) -- Ticket Income $70,000
Level 2 -- Attendance: 882 (88.20%) -- Ticket Income $13,230
Total Attendance: 2882 (96.07%)
Total Ticket Income: $83,230
Other Income: $4,162
Total Income: $87,392

Comets

5 vs 5 Forward 
   Center                   Left Wing                Right Wing               Time % Phy DF OF 
 1 Nathan Gerbe             Taylor Beck              Dennis Everberg          40     1   2  2  
 2 Andrej Nestrasil         Teemu Pulkkinen          Joshua Leivo             30     1   2  2  
 3 Nicolas Petan            Phil Di Giuseppe         Juho Lammikko            20     1   2  2  
 4 Axel Holmstrom           Mackenzie MacEachern     Anton Zlobin             10     1   2  2  

5 vs 5 Defense 
   Defense                  Defense                                           Time % Phy DF OF 
 1 Patrick Wey              Juuso Riikola                                     40     1   2  2  
 2 Oliver Kylington         Sami Niku                                         30     1   2  2  
 3 Jordan Gross             Mackenzie MacEachern                              20     1   2  2  
 4 Patrick Wey              Juuso Riikola                                     10     1   2  2  

PowerPlay Forward 
   Center                   Left Wing                Right Wing               Time % Phy DF OF 
 1 Nathan Gerbe             Taylor Beck              Dennis Everberg          60     1   2  2  
 2 Andrej Nestrasil         Teemu Pulkkinen          Joshua Leivo             40     1   2  2  

PowerPlay Defense
   Defense                  Defense                                           Time % Phy DF OF 
 1 Patrick Wey              Juuso Riikola                                     60     1   2  2  
 2 Oliver Kylington         Sami Niku                                         40     1   2  2  

Penalty Kill 4 Players Forward 
   Center                   Wing                     Time % Phy DF OF 
 1 Dennis Everberg          Taylor Beck              60     1   2  2  
 2 Nathan Gerbe             Teemu Pulkkinen          40     1   2  2  

Penalty Kill 4 Players Defense
   Defense                  Defense                  Time % Phy DF OF 
 1 Patrick Wey              Juuso Riikola            60     1   2  2  
 2 Oliver Kylington         Sami Niku                40     1   2  2  

Penalty Kill - 3 Players Forward 
   Forward                                           Time % Phy DF OF 
 1 Dennis Everberg                                   60     1   2  2  
 2 Taylor Beck                                       40     1   2  2  

Penalty Kill - 3 Players Defense
   Defense                  Defense                  Time % Phy DF OF 
 1 Patrick Wey              Juuso Riikola            60     1   2  2  
 2 Oliver Kylington         Sami Niku                40     1   2  2  

4 vs 4 Forward 
   Center                   Wing                     Time % Phy DF OF 
 1 Dennis Everberg          Taylor Beck              60     1   2  2  
 2 Nathan Gerbe             Teemu Pulkkinen          40     1   2  2  

4 vs 4 Defense
   Defense                  Defense                  Time % Phy DF OF 
 1 Patrick Wey              Juuso Riikola            60     1   2  2  
 2 Oliver Kylington         Sami Niku                40     1   2  2  

Last Minutes Offensive
   Center                   Left Wing                Right Wing               Defense                  Defense                  
   Nathan Gerbe             Taylor Beck              Dennis Everberg          Patrick Wey              Juuso Riikola            

Last Minutes Defensive
   Center                   Left Wing                Right Wing               Defense                  Defense                  
   Nathan Gerbe             Taylor Beck              Dennis Everberg          Patrick Wey              Juuso Riikola            

Goaltenders
Starting : Alexandar Georgiev       
Backup : Thatcher Demko           

Extra Forwards
Normal : Kurtis Macdermid, Tyler Graovac, Anton Karlsson - PP : Kurtis Macdermid, Tyler Graovac - PK : Anton Karlsson
Extra Defensemen
Normal : Jordan Gross, Oliver Kylington, Sami Niku - PP : Jordan Gross - PK : Oliver Kylington, Sami Niku
Penalty Shots
Dennis Everberg, Taylor Beck, Nathan Gerbe, Teemu Pulkkinen, Andrej Nestrasil

Scratches
Jeremy Roy (Healthy), William Lagesson (Healthy), Dan Renouf (Broken Bone (Right Arm) Injury), Dmitry Sokolov (Healthy), Marek Langhamer (Healthy)

Eagles

5 vs 5 Forward 
   Center                   Left Wing                Right Wing               Time % Phy DF OF 
 1 Jonathan Marchessault    Daniel Carr              Matteson Iacopelli       40     1   2  2  
 2 Zach Aston-Reese         Joseph Blandisi          Chris Calhan             30     1   2  2  
 3 Tyler Motte              Anthony Duclair          Pius Suter               20     1   2  2  
 4 Pius Suter               Michael Dal Colle        Daniel Carr              10     1   2  2  

5 vs 5 Defense 
   Defense                  Defense                                           Time % Phy DF OF 
 1 Jarred Tinordi           Stefan Elliott                                    40     1   2  2  
 2 John Ramage              Connor Carrick                                    30     1   2  2  
 3 Xavier Ouellet           Jonathan Racine                                   20     1   2  2  
 4 Mark Friedman            Keaton Middleton                                  10     1   2  2  

PowerPlay Forward 
   Center                   Left Wing                Right Wing               Time % Phy DF OF 
 1 Jonathan Marchessault    Daniel Carr              Matteson Iacopelli       60     1   2  2  
 2 Zach Aston-Reese         Joseph Blandisi          Chris Calhan             40     1   2  2  

PowerPlay Defense
   Defense                  Defense                                           Time % Phy DF OF 
 1 Jarred Tinordi           Stefan Elliott                                    60     1   2  2  
 2 John Ramage              Connor Carrick                                    40     1   2  2  

Penalty Kill 4 Players Forward 
   Center                   Wing                     Time % Phy DF OF 
 1 Daniel Carr              Jonathan Marchessault    60     1   2  2  
 2 Joseph Blandisi          Anthony Duclair          40     1   2  2  

Penalty Kill 4 Players Defense
   Defense                  Defense                  Time % Phy DF OF 
 1 Jarred Tinordi           Stefan Elliott           60     1   2  2  
 2 John Ramage              Connor Carrick           40     1   2  2  

Penalty Kill - 3 Players Forward 
   Forward                                           Time % Phy DF OF 
 1 Daniel Carr                                       60     1   2  2  
 2 Jonathan Marchessault                             40     1   2  2  

Penalty Kill - 3 Players Defense
   Defense                  Defense                  Time % Phy DF OF 
 1 Jarred Tinordi           Stefan Elliott           60     1   2  2  
 2 John Ramage              Connor Carrick           40     1   2  2  

4 vs 4 Forward 
   Center                   Wing                     Time % Phy DF OF 
 1 Daniel Carr              Jonathan Marchessault    60     1   2  2  
 2 Joseph Blandisi          Anthony Duclair          40     1   2  2  

4 vs 4 Defense
   Defense                  Defense                  Time % Phy DF OF 
 1 Jarred Tinordi           Stefan Elliott           60     1   2  2  
 2 John Ramage              Connor Carrick           40     1   2  2  

Last Minutes Offensive
   Center                   Left Wing                Right Wing               Defense                  Defense                  
   Jonathan Marchessault    Daniel Carr              Matteson Iacopelli       Jarred Tinordi           Stefan Elliott           

Last Minutes Defensive
   Center                   Left Wing                Right Wing               Defense                  Defense                  
   Jonathan Marchessault    Daniel Carr              Matteson Iacopelli       Jarred Tinordi           Stefan Elliott           

Goaltenders
Starting : Marek Mazanek            
Backup : Antoine Bibeau           

Extra Forwards
Normal : Sam Steel, Tyler Motte, Michael Dal Colle - PP : Sam Steel, Tyler Motte - PK : Michael Dal Colle
Extra Defensemen
Normal : Max Lajoie, Xavier Ouellet, Jonathan Racine - PP : Max Lajoie - PK : Xavier Ouellet, Jonathan Racine
Penalty Shots
Daniel Carr, Jonathan Marchessault, Joseph Blandisi, Anthony Duclair, Zach Aston-Reese

Scratches
Dominik Kubalik (Healthy), Drake Caggiula (Sprained Right Ankle Injury), Jared McCann (Healthy), Nick Cousins (Suspend), Ryan Murphy (Healthy)
Tomas Tatar (Sprained Right Knee Injury), Pascal Laberge (Healthy), Adin Hill (Healthy)

% Time on Ice - Comets

Lines # - Real PCT - Wanted PCT - Time Play
Normal Forward
1 - 34% - 40% - 17:29
2 - 28% - 30% - 14:22
3 - 24% - 20% - 12:10
4 - 14% - 10% - 7:08
Normal Defense
1 - 39% - 40% - 20:07
2 - 30% - 30% - 15:18
3 - 25% - 20% - 12:53
4 - 6% - 10% - 2:51
PP Forward
1 - 59% - 60% - 1:17
2 - 41% - 40% - 0:54
PP Defense
1 - 71% - 60% - 1:33
2 - 29% - 40% - 0:38
PK Forward
1 - 74% - 60% - 4:57
2 - 26% - 40% - 1:43
PK Defense
1 - 68% - 60% - 4:30
2 - 33% - 40% - 2:10
PK3 Forward
1 - 0% - 60%
2 - 0% - 40%
PK3 Defense
1 - 0% - 60%
2 - 0% - 40%
44 Forward
1 - 0% - 60%
2 - 0% - 40%
44 Defense
1 - 0% - 60%
2 - 0% - 40%
Last Minute Offensive  - 0:00
Last Minute Defensive  - 0:00
Total
Forward - 60:00
Defense - 60:00

% Time on Ice - Eagles

Lines # - Real PCT - Wanted PCT - Time Play
Normal Forward
1 - 32% - 40% - 16:23
2 - 31% - 30% - 15:46
3 - 25% - 20% - 12:56
4 - 12% - 10% - 6:04
Normal Defense
1 - 37% - 40% - 18:44
2 - 28% - 30% - 14:09
3 - 22% - 20% - 11:21
4 - 14% - 10% - 6:55
PP Forward
1 - 59% - 60% - 3:56
2 - 41% - 40% - 2:44
PP Defense
1 - 63% - 60% - 4:13
2 - 37% - 40% - 2:27
PK Forward
1 - 83% - 60% - 1:49
2 - 17% - 40% - 0:22
PK Defense
1 - 64% - 60% - 1:24
2 - 36% - 40% - 0:47
PK3 Forward
1 - 0% - 60%
2 - 0% - 40%
PK3 Defense
1 - 0% - 60%
2 - 0% - 40%
44 Forward
1 - 0% - 60%
2 - 0% - 40%
44 Defense
1 - 0% - 60%
2 - 0% - 40%
Last Minute Offensive  - 0:00
Last Minute Defensive  - 0:00
Total
Forward - 60:00
Defense - 60:00

Play-by-Play

1st period


0:01 of 1st period - Nathan Gerbe wins face-off versus Jonathan Marchessault in neutral zone.
0:26 of 1st period - Andrej Nestrasil is hit by Chris Calhan and loses puck.
0:53 of 1st period - Oliver Kylington is hit by Tyler Motte and loses puck.
1:48 of 1st period - Snap shot by Andrej Nestrasil.
1:48 of 1st period - Stopped by Marek Mazanek with a rebound.
1:50 of 1st period - Slapshot by Oliver Kylington.
1:50 of 1st period - Stopped by Marek Mazanek without a rebound.
1:51 of 1st period - Pius Suter wins face-off versus Andrej Nestrasil in Eagles zone.
2:26 of 1st period - Slapshot by Juho Lammikko.
2:26 of 1st period - Shot Blocked by Jarred Tinordi.
3:13 of 1st period - Slapshot by Joshua Leivo.
3:13 of 1st period - Deflect By Daniel Carr.
3:13 of 1st period - Stopped by Marek Mazanek with a rebound.
3:15 of 1st period - Backhand shot by Teemu Pulkkinen.
3:15 of 1st period - Shot Misses the Net.
3:17 of 1st period - Snap shot by Joshua Leivo.
3:17 of 1st period - Goal by Joshua Leivo - Comets : 1 - Eagles : 0.
3:18 of 1st period - Zach Aston-Reese wins face-off versus Nathan Gerbe in neutral zone.
3:23 of 1st period - Wrist shot by Joseph Blandisi.
3:23 of 1st period - Shot Misses the Net.
3:25 of 1st period - Snap shot by Chris Calhan.
3:25 of 1st period - Stopped by Alexandar Georgiev with a rebound.
4:10 of 1st period - Snap shot by Phil Di Giuseppe.
4:10 of 1st period - Goal by Phil Di Giuseppe - Comets : 2 - Eagles : 0.
4:11 of 1st period - Axel Holmstrom wins face-off versus Jonathan Marchessault in neutral zone.
4:21 of 1st period - Snap shot by Axel Holmstrom.
4:21 of 1st period - Stopped by Marek Mazanek without a rebound.
4:22 of 1st period - Jonathan Marchessault wins face-off versus Nathan Gerbe in Eagles zone.
4:22 of 1st period - Jonathan Marchessault is hit by Juuso Riikola.
4:30 of 1st period - Wrist shot by Daniel Carr.
4:30 of 1st period - Stopped by Alexandar Georgiev with a rebound.
4:32 of 1st period - Slapshot by Matteson Iacopelli.
4:32 of 1st period - Shot Misses the Net.
4:34 of 1st period - Wrist shot by Stefan Elliott.
4:34 of 1st period - Shot Blocked by Nathan Gerbe.
4:36 of 1st period - Slapshot by Stefan Elliott.
4:36 of 1st period - Stopped by Alexandar Georgiev with a rebound.
4:57 of 1st period - Snap shot by Anthony Duclair.
4:57 of 1st period - Shot Misses the Net.
6:49 of 1st period - Tyler Motte is hit by Andrej Nestrasil and loses puck.
6:56 of 1st period - Xavier Ouellet is hit by Andrej Nestrasil and loses puck.
7:15 of 1st period - Wrist shot by Nicolas Petan.
7:15 of 1st period - Shot Blocked by Daniel Carr.
7:17 of 1st period - Backhand shot by Juho Lammikko.
7:17 of 1st period - Stopped by Marek Mazanek with a rebound.
7:19 of 1st period - Snap shot by Jordan Gross.
7:19 of 1st period - Goal by Jordan Gross - Comets : 3 - Eagles : 0.
7:20 of 1st period - Nathan Gerbe wins face-off versus Daniel Carr in neutral zone.
7:44 of 1st period - Icing by Dennis Everberg.
7:45 of 1st period - Joseph Blandisi wins face-off versus Andrej Nestrasil in Comets zone.
7:48 of 1st period - Wrist shot by Joseph Blandisi.
7:48 of 1st period - Stopped by Alexandar Georgiev without a rebound.
7:49 of 1st period - Zach Aston-Reese wins face-off versus Andrej Nestrasil in Comets zone.
8:11 of 1st period - Chris Calhan is hit by Juuso Riikola and loses puck.
8:31 of 1st period - Joseph Blandisi is hit by Joshua Leivo and loses puck.
8:40 of 1st period - Wrist shot by Joseph Blandisi.
8:40 of 1st period - Shot Blocked by Patrick Wey.
8:42 of 1st period - Wrist shot by Joseph Blandisi.
8:42 of 1st period - Deflect By Zach Aston-Reese.
8:42 of 1st period - Shot Misses the Net.
8:42 of 1st period - Puck is out of play.
8:43 of 1st period - Nathan Gerbe wins face-off versus Daniel Carr in Comets zone.
9:10 of 1st period - Nicolas Petan is hit by Pius Suter and loses puck.
11:06 of 1st period - Connor Carrick is hit by Juho Lammikko and loses puck.
12:01 of 1st period - Zach Aston-Reese is hit by Taylor Beck and loses puck.
12:22 of 1st period - Wrist shot by Andrej Nestrasil.
12:22 of 1st period - Shot Blocked by Mark Friedman.
12:24 of 1st period - Slapshot by Patrick Wey.
12:24 of 1st period - Deflect By Teemu Pulkkinen.
12:24 of 1st period - Stopped by Marek Mazanek with a rebound.
12:26 of 1st period - Slapshot by Teemu Pulkkinen.
12:26 of 1st period - Stopped by Marek Mazanek with a rebound.
14:57 of 1st period - Joseph Blandisi is hit by Phil Di Giuseppe and loses puck.
15:08 of 1st period - Snap shot by Mackenzie MacEachern.
15:08 of 1st period - Shot Misses the Net.
15:42 of 1st period - Wrist shot by Phil Di Giuseppe.
15:42 of 1st period - Shot Misses the Net.
15:44 of 1st period - Wrist shot by Phil Di Giuseppe.
15:44 of 1st period - Stopped by Marek Mazanek with a rebound.
15:46 of 1st period - Slapshot by Sami Niku.
15:46 of 1st period - Deflect By John Ramage.
15:46 of 1st period - Stopped by Marek Mazanek with a rebound.
16:44 of 1st period - Matteson Iacopelli is hit by Juho Lammikko and loses puck.
Goals for this period are 3 for Comets vs 0 for Eagles.
Shots for this period are 12 for Comets vs 4 for Eagles.

2nd period


0:01 of 2nd period - Jonathan Marchessault wins face-off versus Nathan Gerbe in neutral zone.
0:29 of 2nd period - Snap shot by Joshua Leivo.
0:29 of 2nd period - Deflect By Joseph Blandisi.
0:29 of 2nd period - Shot Hit the Post.
0:29 of 2nd period - Puck is out of play.
0:30 of 2nd period - Andrej Nestrasil wins face-off versus Zach Aston-Reese in Eagles zone.
0:55 of 2nd period - Mackenzie MacEachern is hit by Daniel Carr and loses puck.
1:57 of 2nd period - Wrist shot by Pius Suter.
1:57 of 2nd period - Deflect By Daniel Carr.
1:57 of 2nd period - Shot Blocked by Andrej Nestrasil.
1:57 of 2nd period - Puck is out of play.
1:58 of 2nd period - Teemu Pulkkinen wins face-off versus Pius Suter in Comets zone.
1:58 of 2nd period - Teemu Pulkkinen is hit by Daniel Carr.
2:20 of 2nd period - Nathan Gerbe is hit by Chris Calhan and loses puck.
2:44 of 2nd period - Minor Penalty to Phil Di Giuseppe for Hooking.
2:45 of 2nd period - Dennis Everberg wins face-off versus Jonathan Marchessault in Comets zone.
3:11 of 2nd period - Snap shot by Zach Aston-Reese.
3:11 of 2nd period - Shot Blocked by Taylor Beck.
3:13 of 2nd period - Wrist shot by John Ramage.
3:13 of 2nd period - Shot Misses the Net.
3:15 of 2nd period - Wrist shot by Zach Aston-Reese.
3:15 of 2nd period - Shot Misses the Net.
3:17 of 2nd period - Slapshot by John Ramage.
3:17 of 2nd period - Stopped by Alexandar Georgiev without a rebound.
3:18 of 2nd period - Dennis Everberg wins face-off versus Zach Aston-Reese in Comets zone.
3:30 of 2nd period - Wrist shot by Joseph Blandisi.
3:30 of 2nd period - Shot Misses the Net.
3:32 of 2nd period - Wrist shot by Chris Calhan.
3:32 of 2nd period - Shot Blocked by Taylor Beck.
3:34 of 2nd period - Slapshot by John Ramage.
3:34 of 2nd period - Deflect By Chris Calhan.
3:34 of 2nd period - Shot Blocked by Sami Niku.
3:34 of 2nd period - Puck is out of play.
3:35 of 2nd period - Daniel Carr wins face-off versus Dennis Everberg in Comets zone.
3:38 of 2nd period - Backhand shot by Jarred Tinordi.
3:38 of 2nd period - Stopped by Alexandar Georgiev with a rebound.
3:48 of 2nd period - Slapshot by Stefan Elliott.
3:48 of 2nd period - Deflect By Patrick Wey.
3:48 of 2nd period - Stopped by Alexandar Georgiev with a rebound.
3:50 of 2nd period - Slapshot by Jarred Tinordi.
3:50 of 2nd period - Stopped by Alexandar Georgiev with a rebound.
4:30 of 2nd period - Daniel Carr is hit by Sami Niku and loses puck.
4:44 of 2nd period - Penalty to Phil Di Giuseppe is over, Phil Di Giuseppe is back on ice.
4:57 of 2nd period - Snap shot by Anthony Duclair.
4:57 of 2nd period - Shot Blocked by Nathan Gerbe.
4:59 of 2nd period - Slapshot by Xavier Ouellet.
4:59 of 2nd period - Stopped by Alexandar Georgiev with a rebound.
5:01 of 2nd period - Slapshot by Tyler Motte.
5:01 of 2nd period - Goal by Tyler Motte - Comets : 3 - Eagles : 1.
5:02 of 2nd period - Andrej Nestrasil wins face-off versus Jonathan Marchessault in neutral zone.
5:07 of 2nd period - Wrist shot by Teemu Pulkkinen.
5:07 of 2nd period - Deflect By Andrej Nestrasil.
5:07 of 2nd period - Shot Misses the Net.
5:07 of 2nd period - Puck is out of play.
5:08 of 2nd period - Jonathan Marchessault wins face-off versus Andrej Nestrasil in Eagles zone.
5:15 of 2nd period - Wrist shot by Teemu Pulkkinen.
5:15 of 2nd period - Stopped by Marek Mazanek without a rebound.
5:16 of 2nd period - Jonathan Marchessault wins face-off versus Nathan Gerbe in Eagles zone.
5:25 of 2nd period - Snap shot by Daniel Carr.
5:25 of 2nd period - Shot Misses the Net.
5:29 of 2nd period - Wrist shot by Daniel Carr.
5:29 of 2nd period - Shot Misses the Net.
5:31 of 2nd period - Snap shot by Stefan Elliott.
5:31 of 2nd period - Shot Blocked by Juuso Riikola.
5:41 of 2nd period - Jarred Tinordi is hit by Patrick Wey.
6:07 of 2nd period - Slapshot by Jarred Tinordi.
6:07 of 2nd period - Stopped by Alexandar Georgiev with a rebound.
6:09 of 2nd period - Wrist shot by Tyler Motte.
6:09 of 2nd period - Stopped by Alexandar Georgiev with a rebound.
6:11 of 2nd period - Backhand shot by Tyler Motte.
6:11 of 2nd period - Goal by Tyler Motte - Comets : 3 - Eagles : 2.
6:12 of 2nd period - Matteson Iacopelli wins face-off versus Nathan Gerbe in neutral zone.
6:20 of 2nd period - Off-side.
6:21 of 2nd period - Nathan Gerbe wins face-off versus Jonathan Marchessault in neutral zone.
6:24 of 2nd period - Snap shot by Dennis Everberg.
6:24 of 2nd period - Shot Misses the Net.
6:40 of 2nd period - Backhand shot by Dennis Everberg.
6:40 of 2nd period - Shot Blocked by Connor Carrick.
7:26 of 2nd period - Snap shot by Nathan Gerbe.
7:26 of 2nd period - Shot Blocked by Connor Carrick.
7:28 of 2nd period - Snap shot by Nathan Gerbe.
7:28 of 2nd period - Stopped by Marek Mazanek with a rebound.
7:30 of 2nd period - Snap shot by Taylor Beck.
7:30 of 2nd period - Shot Misses the Net.
7:32 of 2nd period - Snap shot by Nathan Gerbe.
7:32 of 2nd period - Shot Misses the Net.
7:34 of 2nd period - Wrist shot by Taylor Beck.
7:34 of 2nd period - Stopped by Marek Mazanek with a rebound.
7:36 of 2nd period - Wrist shot by Taylor Beck.
7:36 of 2nd period - Stopped by Marek Mazanek with a rebound.
7:38 of 2nd period - Wrist shot by Juuso Riikola.
7:38 of 2nd period - Deflect By Taylor Beck.
7:38 of 2nd period - Stopped by Marek Mazanek without a rebound.
7:39 of 2nd period - Zach Aston-Reese wins face-off versus Andrej Nestrasil in Eagles zone.
7:48 of 2nd period - Snap shot by Teemu Pulkkinen.
7:48 of 2nd period - Stopped by Marek Mazanek with a rebound.
7:50 of 2nd period - Slapshot by Oliver Kylington.
7:50 of 2nd period - Shot Blocked by Joseph Blandisi.
7:52 of 2nd period - Wrist shot by Joshua Leivo.
7:52 of 2nd period - Stopped by Marek Mazanek without a rebound.
7:53 of 2nd period - Tyler Motte wins face-off versus Andrej Nestrasil in Eagles zone.
7:53 of 2nd period - Tyler Motte is hit by Sami Niku.
8:06 of 2nd period - Wrist shot by Stefan Elliott.
8:06 of 2nd period - Shot Misses the Net.
8:56 of 2nd period - Daniel Carr is hit by Joshua Leivo.
9:45 of 2nd period - Icing by Anthony Duclair.
9:46 of 2nd period - Nicolas Petan wins face-off versus Tyler Motte in Eagles zone.
9:49 of 2nd period - Slapshot by Juho Lammikko.
9:49 of 2nd period - Shot Hit the Post.
9:51 of 2nd period - Wrist shot by Nicolas Petan.
9:51 of 2nd period - Shot Misses the Net.
9:53 of 2nd period - Slapshot by Oliver Kylington.
9:53 of 2nd period - Shot Misses the Net.
9:55 of 2nd period - Slapshot by Oliver Kylington.
9:55 of 2nd period - Stopped by Marek Mazanek with a rebound.
9:57 of 2nd period - Snap shot by Sami Niku.
9:57 of 2nd period - Deflect By Connor Carrick.
9:57 of 2nd period - Stopped by Marek Mazanek with a rebound.
9:59 of 2nd period - Slapshot by Juho Lammikko.
9:59 of 2nd period - Stopped by Marek Mazanek with a rebound.
10:01 of 2nd period - Slapshot by Oliver Kylington.
10:01 of 2nd period - Shot Misses the Net.
10:15 of 2nd period - Snap shot by Joseph Blandisi.
10:15 of 2nd period - Stopped by Alexandar Georgiev with a rebound.
12:47 of 2nd period - Wrist shot by Anthony Duclair.
12:47 of 2nd period - Shot Blocked by Nicolas Petan.
12:49 of 2nd period - Snap shot by Matteson Iacopelli.
12:49 of 2nd period - Deflect By Jonathan Marchessault.
12:49 of 2nd period - Shot Blocked by Oliver Kylington.
12:49 of 2nd period - Puck is out of play.
12:50 of 2nd period - Jonathan Marchessault wins face-off versus Andrej Nestrasil in Comets zone.
12:55 of 2nd period - Snap shot by Jonathan Marchessault.
12:55 of 2nd period - Stopped by Alexandar Georgiev without a rebound.
12:56 of 2nd period - Andrej Nestrasil wins face-off versus Jonathan Marchessault in Comets zone.
13:03 of 2nd period - Snap shot by Teemu Pulkkinen.
13:03 of 2nd period - Stopped by Marek Mazanek with a rebound.
13:09 of 2nd period - Wrist shot by Daniel Carr.
13:09 of 2nd period - Deflect By Jonathan Marchessault.
13:09 of 2nd period - Shot Misses the Net.
13:09 of 2nd period - Puck is out of play.
13:10 of 2nd period - Jonathan Marchessault wins face-off versus Nathan Gerbe in Comets zone.
13:16 of 2nd period - Icing by Dennis Everberg.
13:17 of 2nd period - Jonathan Marchessault wins face-off versus Nathan Gerbe in Comets zone.
13:18 of 2nd period - Slapshot by Daniel Carr.
13:18 of 2nd period - Shot Blocked by Dennis Everberg.
13:20 of 2nd period - Slapshot by Stefan Elliott.
13:20 of 2nd period - Stopped by Alexandar Georgiev with a rebound.
13:24 of 2nd period - Slapshot by Jonathan Marchessault.
13:24 of 2nd period - Stopped by Alexandar Georgiev without a rebound.
13:25 of 2nd period - Jonathan Marchessault wins face-off versus Nathan Gerbe in Comets zone.
13:30 of 2nd period - Slapshot by Jonathan Marchessault.
13:30 of 2nd period - Stopped by Alexandar Georgiev with a rebound.
13:38 of 2nd period - Wrist shot by Nathan Gerbe.
13:38 of 2nd period - Stopped by Marek Mazanek with a rebound.
13:40 of 2nd period - Slapshot by Juuso Riikola.
13:40 of 2nd period - Stopped by Marek Mazanek with a rebound.
13:54 of 2nd period - Andrej Nestrasil is hit by Joseph Blandisi and loses puck.
14:03 of 2nd period - Chris Calhan is hit by Patrick Wey and loses puck.
14:56 of 2nd period - Wrist shot by Dennis Everberg.
14:56 of 2nd period - Shot Misses the Net.
15:38 of 2nd period - Off-side.
15:39 of 2nd period - Jonathan Marchessault wins face-off versus Andrej Nestrasil in neutral zone.
15:57 of 2nd period - Juuso Riikola is hit by Matteson Iacopelli and loses puck.
16:34 of 2nd period - Wrist shot by Pius Suter.
16:34 of 2nd period - Shot Misses the Net.
17:14 of 2nd period - Taylor Beck is hit by Chris Calhan and loses puck.
17:31 of 2nd period - Anthony Duclair is hit by Phil Di Giuseppe and loses puck.
17:44 of 2nd period - Jonathan Racine is hit by Patrick Wey and loses puck.
17:59 of 2nd period - Kurtis Macdermid is hit by Chris Calhan and loses puck.
18:27 of 2nd period - Pius Suter is hit by Dennis Everberg and loses puck.
18:42 of 2nd period - Slapshot by Andrej Nestrasil.
18:42 of 2nd period - Shot Misses the Net.
18:44 of 2nd period - Wrist shot by Teemu Pulkkinen.
18:44 of 2nd period - Stopped by Marek Mazanek without a rebound.
18:45 of 2nd period - Teemu Pulkkinen wins face-off versus Zach Aston-Reese in Eagles zone.
18:55 of 2nd period - Off-side.
18:56 of 2nd period - Jonathan Marchessault wins face-off versus Dennis Everberg in neutral zone.
19:01 of 2nd period - Snap shot by Jonathan Marchessault.
19:01 of 2nd period - Deflect By Daniel Carr.
19:01 of 2nd period - Shot Blocked by Mackenzie MacEachern.
19:01 of 2nd period - Puck is out of play.
19:02 of 2nd period - Jonathan Marchessault wins face-off versus Nathan Gerbe in Comets zone.
19:07 of 2nd period - Snap shot by Jonathan Marchessault.
19:07 of 2nd period - Deflect By Daniel Carr.
19:07 of 2nd period - Stopped by Alexandar Georgiev with a rebound.
19:09 of 2nd period - Slapshot by Jarred Tinordi.
19:09 of 2nd period - Shot Misses the Net.
19:11 of 2nd period - Wrist shot by Jarred Tinordi.
19:11 of 2nd period - Shot Misses the Net.
19:13 of 2nd period - Wrist shot by Matteson Iacopelli.
19:13 of 2nd period - Shot Misses the Net.
19:15 of 2nd period - Slapshot by Jarred Tinordi.
19:15 of 2nd period - Deflect By Jonathan Marchessault.
19:15 of 2nd period - Shot Misses the Net.
19:15 of 2nd period - Puck is out of play.
19:16 of 2nd period - Nathan Gerbe wins face-off versus Jonathan Marchessault in Comets zone.
19:29 of 2nd period - Snap shot by Daniel Carr.
19:29 of 2nd period - Stopped by Alexandar Georgiev without a rebound.
19:30 of 2nd period - Nathan Gerbe wins face-off versus Jonathan Marchessault in Comets zone.
Goals for this period are 0 for Comets vs 2 for Eagles.
Shots for this period are 14 for Comets vs 16 for Eagles.

3rd period


0:01 of 3rd period - Nathan Gerbe wins face-off versus Jonathan Marchessault in neutral zone.
0:04 of 3rd period - Snap shot by Nathan Gerbe.
0:04 of 3rd period - Shot Blocked by Matteson Iacopelli.
0:06 of 3rd period - Snap shot by Dennis Everberg.
0:06 of 3rd period - Stopped by Marek Mazanek with a rebound.
0:08 of 3rd period - Snap shot by Nathan Gerbe.
0:08 of 3rd period - Shot Misses the Net.
0:10 of 3rd period - Slapshot by Juuso Riikola.
0:10 of 3rd period - Shot Misses the Net.
0:26 of 3rd period - Andrej Nestrasil is hit by Joseph Blandisi and loses puck.
1:03 of 3rd period - Minor Penalty to Anthony Duclair for Holding.
1:04 of 3rd period - Daniel Carr wins face-off versus Nathan Gerbe in Eagles zone.
1:42 of 3rd period - Stefan Elliott is hit by Teemu Pulkkinen.
2:12 of 3rd period - Slapshot by John Ramage.
2:12 of 3rd period - Stopped by Alexandar Georgiev with a rebound.
2:14 of 3rd period - Slapshot by Tyler Motte.
2:14 of 3rd period - Shot Hit the Post.
3:03 of 3rd period - Penalty to Anthony Duclair is over, Anthony Duclair is back on ice.
4:03 of 3rd period - Snap shot by Juho Lammikko.
4:03 of 3rd period - Stopped by Marek Mazanek with a rebound.
4:05 of 3rd period - Wrist shot by Phil Di Giuseppe.
4:05 of 3rd period - Stopped by Marek Mazanek without a rebound.
4:06 of 3rd period - Joseph Blandisi wins face-off versus Nicolas Petan in Eagles zone.
4:31 of 3rd period - John Ramage is hit by Taylor Beck and loses puck.
4:44 of 3rd period - Wrist shot by Dennis Everberg.
4:44 of 3rd period - Deflect By Taylor Beck.
4:44 of 3rd period - Shot Misses the Net.
4:44 of 3rd period - Puck is out of play.
4:45 of 3rd period - Andrej Nestrasil wins face-off versus Zach Aston-Reese in Eagles zone.
4:48 of 3rd period - Snap shot by Andrej Nestrasil.
4:48 of 3rd period - Shot Misses the Net.
4:50 of 3rd period - Minor Penalty to Stefan Elliott for Holding.
4:51 of 3rd period - Nathan Gerbe wins face-off versus Jonathan Marchessault in Eagles zone.
4:56 of 3rd period - Wrist shot by Taylor Beck.
4:56 of 3rd period - Shot Misses the Net.
4:58 of 3rd period - Slapshot by Juuso Riikola.
4:58 of 3rd period - Stopped by Marek Mazanek with a rebound.
5:00 of 3rd period - Slapshot by Nathan Gerbe.
5:00 of 3rd period - Shot Misses the Net.
5:02 of 3rd period - Snap shot by Taylor Beck.
5:02 of 3rd period - Goal by Taylor Beck - Comets : 4 - Eagles : 2.
5:03 of 3rd period - Matteson Iacopelli wins face-off versus Nathan Gerbe in neutral zone.
5:06 of 3rd period - Wrist shot by Jonathan Marchessault.
5:06 of 3rd period - Stopped by Alexandar Georgiev without a rebound.
5:07 of 3rd period - Nathan Gerbe wins face-off versus Jonathan Marchessault in Comets zone.
5:09 of 3rd period - Minor Penalty to Juuso Riikola for Holding.
5:10 of 3rd period - Dennis Everberg wins face-off versus Jonathan Marchessault in Comets zone.
5:26 of 3rd period - Backhand shot by Taylor Beck.
5:26 of 3rd period - Goal by Taylor Beck - Comets : 5 - Eagles : 2.
5:27 of 3rd period - Jonathan Marchessault wins face-off versus Dennis Everberg in neutral zone.
6:27 of 3rd period - Wrist shot by Matteson Iacopelli.
6:27 of 3rd period - Shot Blocked by Oliver Kylington.
6:29 of 3rd period - Wrist shot by Jonathan Marchessault.
6:29 of 3rd period - Deflect By Matteson Iacopelli.
6:29 of 3rd period - Stopped by Alexandar Georgiev without a rebound.
6:30 of 3rd period - Zach Aston-Reese wins face-off versus Nathan Gerbe in Comets zone.
6:35 of 3rd period - Teemu Pulkkinen is hit by Chris Calhan and loses puck.
7:09 of 3rd period - Penalty to Juuso Riikola is over, Juuso Riikola is back on ice.
7:22 of 3rd period - Juuso Riikola is hit by Stefan Elliott and loses puck.
7:27 of 3rd period - Snap shot by Anthony Duclair.
7:27 of 3rd period - Shot Misses the Net.
7:29 of 3rd period - Snap shot by Anthony Duclair.
7:29 of 3rd period - Shot Misses the Net.
7:52 of 3rd period - Off-side.
7:53 of 3rd period - Tyler Motte wins face-off versus Andrej Nestrasil in neutral zone.
7:55 of 3rd period - John Ramage is hit by Mackenzie MacEachern and loses puck.
8:31 of 3rd period - Taylor Beck is hit by Jonathan Racine and loses puck.
8:44 of 3rd period - Andrej Nestrasil is hit by Tyler Motte and loses puck.
9:08 of 3rd period - Slapshot by Patrick Wey.
9:08 of 3rd period - Stopped by Marek Mazanek with a rebound.
10:19 of 3rd period - Slapshot by Juuso Riikola.
10:19 of 3rd period - Stopped by Marek Mazanek with a rebound.
11:35 of 3rd period - Slapshot by Daniel Carr.
11:35 of 3rd period - Shot Misses the Net.
11:37 of 3rd period - Snap shot by Matteson Iacopelli.
11:37 of 3rd period - Shot Misses the Net.
11:39 of 3rd period - Wrist shot by Sam Steel.
11:39 of 3rd period - Stopped by Alexandar Georgiev with a rebound.
12:40 of 3rd period - Tyler Motte is hit by Joshua Leivo and loses puck.
13:00 of 3rd period - Zach Aston-Reese is hit by Juho Lammikko and loses puck.
13:11 of 3rd period - Chris Calhan is hit by Mackenzie MacEachern and loses puck.
13:26 of 3rd period - Wrist shot by Zach Aston-Reese.
13:26 of 3rd period - Stopped by Alexandar Georgiev with a rebound.
13:28 of 3rd period - Wrist shot by Chris Calhan.
13:28 of 3rd period - Stopped by Alexandar Georgiev without a rebound.
13:29 of 3rd period - Nicolas Petan wins face-off versus Jonathan Marchessault in Comets zone.
14:02 of 3rd period - Snap shot by Anthony Duclair.
14:02 of 3rd period - Stopped by Alexandar Georgiev without a rebound.
14:03 of 3rd period - Axel Holmstrom wins face-off versus Jonathan Marchessault in Comets zone.
14:12 of 3rd period - Snap shot by Axel Holmstrom.
14:12 of 3rd period - Shot Misses the Net.
14:14 of 3rd period - Wrist shot by Mackenzie MacEachern.
14:14 of 3rd period - Shot Blocked by Jarred Tinordi.
14:16 of 3rd period - Snap shot by Anton Zlobin.
14:16 of 3rd period - Shot Misses the Net.
14:32 of 3rd period - Tyler Motte is hit by Taylor Beck.
14:47 of 3rd period - Minor Penalty to Nathan Gerbe for Roughing.
14:48 of 3rd period - Dennis Everberg wins face-off versus Jonathan Marchessault in Comets zone.
15:03 of 3rd period - Snap shot by Jonathan Marchessault.
15:03 of 3rd period - Shot Misses the Net.
15:13 of 3rd period - Dennis Everberg is hit by Jarred Tinordi and loses puck.
16:47 of 3rd period - Penalty to Nathan Gerbe is over, Nathan Gerbe is back on ice.
17:41 of 3rd period - Xavier Ouellet is hit by Joshua Leivo and loses puck.
18:20 of 3rd period - Wrist shot by Teemu Pulkkinen.
18:20 of 3rd period - Shot Blocked by Stefan Elliott.
18:27 of 3rd period - Icing by Jarred Tinordi.
18:28 of 3rd period - Zach Aston-Reese wins face-off versus Nicolas Petan in Eagles zone.
18:59 of 3rd period - Slapshot by Andrej Nestrasil.
18:59 of 3rd period - Shot Misses the Net.
19:01 of 3rd period - Snap shot by Juuso Riikola.
19:01 of 3rd period - Stopped by Marek Mazanek with a rebound.
19:03 of 3rd period - Snap shot by Andrej Nestrasil.
19:03 of 3rd period - Stopped by Marek Mazanek with a rebound.
19:05 of 3rd period - Wrist shot by Juuso Riikola.
19:05 of 3rd period - Stopped by Marek Mazanek with a rebound.
19:16 of 3rd period - Minor Penalty to Sami Niku for Hooking.
19:17 of 3rd period - Jonathan Marchessault wins face-off versus Dennis Everberg in Comets zone.
19:18 of 3rd period - Snap shot by Daniel Carr.
19:18 of 3rd period - Shot Misses the Net.
Goals for this period are 2 for Comets vs 0 for Eagles.
Shots for this period are 11 for Comets vs 7 for Eagles. Output by the SimonT Hockey Simulator (STHS) for Francois Prevost - Original Page W3C HTML5 Valid
Hockey Simulator - Hockey Simulation - Hockey Manager